 Dungeon Crawl Stone Soup version 0.28-a0-863-g8cecda6153 (webtiles) character file.

Game seed: 10015559102463470805

92801 MirrMurr the Unseen (level 15, -6/77 HPs)
             Began as a Spriggan Enchanter on Nov 20, 2021.
             Was the Champion of Dithmenos.
             Mangled by a two-headed ogre (15 damage)
             ... summoned by a boggart
             ... while paralysed by an ogre mage
             ... on level 15 of the Dungeon.
             The game lasted 01:10:29 (31400 turns).

MirrMurr the Unseen (Spriggan Enchanter)           Turns: 31400, Time: 01:10:29

Health: -6/77      AC:  6    Str:  9    XL:     15   Next: 58%
Magic:  17/25      EV:  4    Int: 17    God:    Dithmenos [******]
Gold:   1886       SH:  0    Dex: 20    Spells: 2/26 levels left

rFire   + . .      SeeInvis +   a - +7 Spriggan's Knife {stab, EV+4 Stlth+}
rCold   . . .      Faith    .   G - +2 buckler
rNeg    . . .      Spirit   .   m - +2 robe
rPois   +          Reflect  +   v - +2 hat
rElec   +          Harm     .   (no cloak)
rCorr   .          Rampage  .   (gloves unavailable)
Will    ++...                   (boots unavailable) Stlth *****+++++
                                W - amulet "Jarai" {Reflect rElec Dex+3 SH+5}
HPRegen 0.22/turn               w - ring of poison resistance
MPRegen 0.19/turn               A - ring of protection from fire

@: paralysed, wreathed by umbra, very quick
A: very small, no large weapons, unfitting armour, see invisible, speed 3
a: Renounce Religion, Shadow Step, Shadow Form


You were on level 15 of the Dungeon.
You worshipped Dithmenos.
Dithmenos was exalted by your worship.
You visited 3 branches of the dungeon, and saw 22 of its levels.
You also visited: Ossuary and Bailey.

You collected 1916 gold pieces.
You spent 30 gold pieces at shops.

Inventory:

Hand Weapons
 a - the +7 Spriggan's Knife (weapon) {stab, EV+4 Stlth+}
   (You acquired it on level 5 of the Dungeon)

   It is more effective when stabbing unaware enemies, treating them as though
   they were completely helpless.
   EV:        It affects your evasion (+4).
   Stlth:     It makes you more stealthy.
 b - a +2 rapier of electrocution
Missiles
 d - 684 stones (quivered)
 e - 3 datura-tipped darts
 u - 43 poisoned darts
 y - 13 boomerangs
 D - 2 curare-tipped darts
 E - 4 throwing nets
 I - 5 boomerangs of dispersal
 V - 6 atropa-tipped darts
Armour
 f - a scarf of invisibility
 m - a +2 robe (worn)
 v - a +2 hat (worn)
 C - a +0 scale mail
 G - a +2 buckler (worn)
Jewellery
 j - a ring of protection from cold
 w - a ring of poison resistance (left hand)
 A - a ring of protection from fire (right hand)
 W - the amulet "Jarai" (around neck) {Reflect rElec Dex+3 SH+5}
   (You acquired it on level 5 of the Lair of Beasts)

   [amulet of reflection]

   It reflects blocked missile attacks.
   Dex:       It affects your dexterity (+3).
   rElec:     It insulates you from electricity.
   SH:        It affects your SH (+5).
Wands
 i - a wand of mindburst (12)
 l - a wand of paralysis (12)
 p - a wand of polymorph (10)
 F - a wand of digging (4)
 J - a wand of iceblast (9)
 M - a wand of charming (19)
 T - a wand of acid (8)
 Y - a wand of flame (21)
Scrolls
 B - 2 scrolls of blinking
 K - a scroll of identify
 L - 3 scrolls of brand weapon
 N - 3 scrolls of magic mapping
 P - 3 scrolls of fog
 R - 3 scrolls of immolation
 S - 9 scrolls of teleportation
 U - a scroll of vulnerability
 X - 3 scrolls of fear
 Z - a scroll of holy word
Potions
 c - a potion of invisibility
 g - 3 potions of brilliance
 h - a potion of ambrosia
 k - 8 potions of curing
 n - 7 potions of haste
 o - 6 potions of lignification
 q - 3 potions of flight
 r - 7 potions of might
 s - 4 potions of magic
 t - 5 potions of mutation
 x - 2 potions of cancellation
 z - 2 potions of heal wounds
 H - a potion of berserk rage
 Q - 3 potions of resistance


   Skills:
 + Level 7.9 Fighting
 + Level 11.8 Short Blades
 + Level 15.7 Dodging
 + Level 17.2 Stealth
 - Level 8.0 Shields
 - Level 6.0 Spellcasting
 - Level 10.0 Hexes
 * Level 4.4 Summonings
 - Level 12.0 Invocations


You had 2 spell levels left.
You knew the following spells:

 Your Spells              Type           Power      Damage    Failure   Level
a - Ensorcelled Hibernat  Hex/Ice        44%        N/A       2%          2
b - Confusing Touch       Hex            39%        N/A       1%          3
c - Tukima's Dance        Hex            39%        N/A       1%          3
d - Dazzling Flash        Conj/Hex       44%        N/A       4%          3
e - Cause Fear            Hex            19%        N/A       1%          4
f - Summon Lightning Spi  Summ/Air       12%        N/A       45%         4
v - Summon Mana Viper     Hex/Summ       29%        N/A       19%         5

Your spell library contained the following spells:

 Spells                   Type           Power      Damage    Failure   Level
 Corpse Rot               Necr/Air       10%        N/A       19%         2
 Poisonous Vapours        Pois/Air       10%        N/A       19%         2
 Sublimation of Blood     Necr           5%         N/A       19%         2
 Wereblood                Tmut           5%         N/A       19%         2
 Inner Flame              Hex/Fire       22%        N/A       4%          3
 Portal Projectile        Hex/Tloc       44%        N/A       4%          3
 Call Canine Familiar     Summ           20%        N/A       6%          3
 Leda's Liquefaction      Hex/Erth       11%        N/A       16%         4
 Teleport Other           Tloc           5%         N/A       36%         3
 Dispel Undead            Necr           5%         3d7       77%         4
 Passage of Golubria      Tloc           5%         N/A       77%         4
 Fireball                 Conj/Fire      2%         3d4       98%         5
 Iskenderun's Battlesphe  Conj           5%         2d6       98%         5
 Conjure Ball Lightning   Conj/Air       2%         3x3d6     100%        6
 Death Channel            Necr           2%         N/A       100%        6
 Dispersal                Tloc           2%         N/A       100%        6
 Malign Gateway           Summ/Tloc      6%         N/A       100%        7
 Orb of Destruction       Conj           2%         9d1       100%        7
 Storm Form               Tmut/Air       2%         N/A       100%        7
 Summon Hydra             Summ           10%        N/A       100%        7
 Discord                  Hex            19%        N/A       100%        8
 Disjunction              Tloc           2%         N/A       100%        8
 Maxwell's Capacitive Co  Air            2%         ∞         100%        8
 Summon Horrible Things   Summ           10%        N/A       100%        8


Dungeon Overview and Level Annotations

Branches:
Dungeon (15/15)            Temple (1/1) D:5            Lair (6/6) D:10
  Swamp (0/4) Lair:2        Snake (0/4) Lair:4        Slime (0/5) Lair:5
    Orc (0/2) D:10         Vaults (0/5) D:13        Ossuary (visited)
 Bailey (visited)
 Depths: D:15

Altars:
Ashenzari
Cheibriados
Dithmenos
Elyvilon
Fedhas
Gozag
Hepliaklqana
Kikubaaqudgha
Makhleb
Nemelex Xobeh
Okawaru
Qazlal
Ru
Sif Muna
Trog
Uskayaw
Vehumet
Wu Jian
Xom
Yredelemnul
Zin
The Shining One
Beogh
Jiyva

Shops:
D:1 (![=

Annotations:
D:10 3 runed translucent doors, tabo's ghost, journeyman HOMo
D:13 3 runed translucent doors, bgiannan's ghost, adept GrFi
Lair:5 2 transporters


Innate Abilities, Weirdness & Mutations

You are very small and have problems with some larger weapons.
You are too small for most types of armour.
You have supernaturally acute eyesight. (SInv)
You cover ground extremely quickly. (Speed+++)


Message History

You skewer the boggart like a kebab!!!!!
You kill the boggart!
Dithmenos accepts your kill.
The boggart mumbles some strange words.
Casting: Dazzling Flash (dangerous; 4% risk of failure)
Confirm with . or Enter, or press ? or * to list all spells.
Casting: Dazzling Flash (dangerous; 4% risk of failure)
Press: ? - help, Dir - look around, f - activate The ogre is dazzled.
The boggart is dazzled.
You block the boggart's attack. You block the ogre mage's attack.
You block the cyclops's attack. The boggart completely misses you.
The boggart gestures wildly while chanting.
Unknown command.
Casting: Dazzling Flash (dangerous; 4% risk of failure)
Confirm with . or Enter, or press ? or * to list all spells.
Casting: Dazzling Flash (dangerous; 4% risk of failure)
Press: ? - help, Dir - look around, f - activate The ogre mage is dazzled.
The ogre is dazzled.
The boggart is dazzled. x2
The cyclops is dazzled.
The boggart is dazzled.
The cyclops is dazzled.
You block the boggart's attack. You block the ogre's attack.
The ogre mage points at you and mumbles some strange words.
You suddenly lose the ability to move!
The boggart gestures wildly while chanting.
The boggart flickers and vanishes for a moment.
The two-headed ogre hits you with a +0 giant spiked club!
The two-headed ogre barely misses you. The cyclops hits you!
The boggart hits you.
The ogre mage mumbles some strange words.
The ogre mage flickers and vanishes for a moment.
The two-headed ogre barely misses you.
The two-headed ogre hits you with a +0 giant spiked club.
The ogre barely misses you.
The two-headed ogre hits you with a +0 giant spiked club!
The two-headed ogre hits you but does no damage.
The boggart hits you but does no damage.
The two-headed ogre hits you with a +0 giant spiked club!
* * * LOW HITPOINT WARNING * * *
You emit a cloud of dark smoke.
The two-headed ogre hits you with a +0 giant club!
You die...

.# .# ....# .# .# #...# .
.# #...# . .# #...# .### .#
#...###...# .# #...#gR○. #.
.# #.CgO### [ .# #CO@OOO#.#
.#..## #.§OOg.#. .#...#
#..###..... .#...##
#....#.###. .#....####
#....#...#
.#.......#####.......)#
.#..............#####.....#
.#.............## ###....
.#.............## .##


You could see 4 two-headed ogres, an ogre mage (summoned, invisible, blind), 2
cyclopes, an efreet (summoned), 2 ogres and 3 boggarts.

Vanquished Creatures
  Jorgrun (D:13)
  Kirke (Lair:5)
  Nessos (Lair:5)
  Snorg (Lair:6)
  An ettin (D:15)
  7 hydras
  3 boulder beetles
  3 catoblepae (Lair:6)
  6 two-headed ogres
  A death knight (D:11)
  6 centaur warriors
  An ogre mage (D:15)
  The ghost of ZangPog the Fighter, a novice DsFi of Makhleb (D:9)
  21 death yaks
  Urug (Lair:5)
  2 tengu warriors
  4 skeletal warriors (D:14)
  A deep troll (D:15)
  A wizard (D:15)
  5 deep elf pyromancers
  A necromancer (D:15)
  An orc knight (D:12)
  9 ugly things
  5 cyclopes
  7 manticores
  14 elephants
  7 black mambas
  A gargoyle (D:11)
  15 cane toads
  5 komodo dragons
  3 kobold demonologists
  3 rime drakes
  2 tengu conjurers (D:14)
  A polar bear (shapeshifter) (D:13)
  5 trolls
  4 polar bears
  A hornet (D:10)
  22 blink frogs
  Grinder (D:5)
  4 shadows
  2 wraiths
  3 wyverns
  2 hogs (Lair:5)
  2 humans (D:12)
  3 basilisks
  70 yaks
  5 vampire mosquitoes
  A naga (Lair:4)
  A warg (D:9)
  14 water moccasins
  4 black bears
  An ice beast (D:6)
  14 orc warriors
  2 ogres
  2 boggarts (D:15)
  10 wolves
  9 centaurs
  7 kobold brigands
  15 bullfrogs
  2 wyvern zombies
  3 gnoll sergeants
  2 water moccasin zombies (Ossuary)
  4 scorpions
  3 killer bees (D:9)
  3 wights (D:8)
  8 howler monkeys
  5 centaur zombies
  3 bullfrog zombies
  A hound (D:5)
  8 orc priests
  4 jellies
  A gnoll shaman (D:8)
  Jessica (D:3)
  A centaur skeleton (D:5)
  2 iguanas
  7 orc wizards
  3 hound skeletons (D:4)
  3 mummies
  17 gnolls
  A howler monkey skeleton (D:7)
  A howler monkey zombie (D:10)
  9 adders
  2 shadow imps
  An ufetubus (D:5)
  An adder skeleton (D:4)
  7 adder zombies (Ossuary)
  3 worms
  44 orcs
  5 endoplasms
  4 giant cockroaches
  7 goblins
  12 hobgoblins
  9 jackals
  2 quokkas
  4 ball pythons
  3 bats (D:2)
  4 frilled lizards
  5 gnoll zombies (Ossuary)
  7 hobgoblin zombies
  32 kobolds
  7 kobold zombies
  10 orc zombies
  7 rats
614 creatures vanquished.

Vanquished Creatures (collateral kills)
  2 gnolls
  3 kobolds (D:8)
5 creatures vanquished.

Vanquished Creatures (others)
  A human (Lair:5)
  7 dancing weapons
  A bush (D:6)
  56 fungi
  55 plants
120 creatures vanquished.

Grand Total: 739 creatures vanquished

Notes
Turn   | Place    | Note
-------+----------+-------------------------------------------
     0 | D:1      | MirrMurr the Spriggan Enchanter began the quest for the
                  | Orb.
     0 | D:1      | Reached XP level 1. HP: 9/9 MP: 5/5
    73 | D:1      | Found a faded altar of an unknown god.
   282 | D:1      | Reached XP level 2. HP: 9/13 MP: 6/6
   285 | D:1      | Learned a level 2 spell: Ensorcelled Hibernation
   386 | D:1      | Reached skill level 5 in Stealth
   858 | D:1      | Found Oseripos's Jewellery Emporium.
  1130 | D:1      | Found Qonour Lyd's Distillery.
  1181 | D:1      | Bought a potion of curing for 30 gold pieces
  1271 | D:1      | Found Ycen's Antique Armour Emporium.
  1314 | D:1      | Found Dacomac's Antique Weapon Shop.
  1729 | D:2      | Reached XP level 3. HP: 16/16 MP: 5/8
  1735 | D:1      | Learned a level 3 spell: Confusing Touch
  1942 | D:2      | Reached skill level 6 in Stealth
  2239 | D:2      | Reached XP level 4. HP: 21/21 MP: 6/9
  3127 | D:3      | Noticed Jessica
  3134 | D:3      | Killed Jessica
  3145 | D:3      | Reached skill level 7 in Stealth
  3194 | D:3      | Reached XP level 5. HP: 14/24 MP: 2/10
  4316 | D:4      | Noticed an ogre
  4740 | D:4      | Reached skill level 8 in Stealth
  4740 | D:4      | Reached XP level 6. HP: 20/28 MP: 3/11
  4744 | D:4      | Learned a level 3 spell: Tukima's Dance
  5205 | D:4      | Reached skill level 5 in Short Blades
  5784 | D:5      | Entered Level 5 of the Dungeon
  5796 | D:5      | Identified a scroll of acquirement
  5796 | D:5      | Acquired the Tome of the Supportive Traveller
  5956 | D:5      | Reached skill level 5 in Hexes
  6159 | D:5      | Reached XP level 7. HP: 32/32 MP: 10/13
  6240 | D:5      | Found a staircase to the Ecumenical Temple.
  6246 | Temple   | Entered the Ecumenical Temple
  6565 | Temple   | Became a worshipper of Dithmenos the Shadowed
  7037 | D:5      | Acquired the +7 Spriggan's Knife {stab, EV+4 Stlth+}
  7037 | D:5      | Found the +7 Spriggan's Knife {stab, EV+4 Stlth+}
  7645 | D:6      | Found a sand-covered staircase.
  7651 | Ossuary  | Entered an ossuary
  7788 | Ossuary  | Reached * piety under Dithmenos
  7899 | Ossuary  | Reached skill level 1 in Fighting
  7899 | Ossuary  | Reached XP level 8. HP: 34/37 MP: 15/15
  7947 | Ossuary  | Reached ** piety under Dithmenos
  8163 | D:6      | Noticed Grinder
  8174 | D:5      | Killed Grinder
  8308 | D:6      | Reached skill level 5 in Dodging
  9353 | D:7      | Noticed a cyan ugly thing
  9409 | D:7      | Reached XP level 9. HP: 17/45 MP: 9/16
  9423 | D:7      | Found a broken altar of Ashenzari.
  9426 | D:7      | Found an ancient bone altar of Kikubaaqudgha.
  9791 | D:7      | Found a flagged portal.
  9800 | Bailey   | Entered a bailey
 11093 | D:7      | Found an ancient bone altar of Kikubaaqudgha.
 11093 | D:7      | Found a broken altar of Ashenzari.
 11169 | D:7      | Killed a cyan ugly thing
 11170 | D:7      | Reached skill level 9 in Stealth
 11833 | D:8      | Reached *** piety under Dithmenos
 12061 | D:8      | Reached skill level 10 in Stealth
 12484 | D:9      | Noticed a komodo dragon
 12489 | D:9      | Killed a komodo dragon
 12490 | D:9      | Reached skill level 10 in Dodging
 12546 | D:9      | Learned a level 3 spell: Dazzling Flash
 12551 | D:9      | Learned a level 4 spell: Cause Fear
 12622 | D:9      | Reached XP level 10. HP: 49/49 MP: 17/17
 12755 | D:9      | Reached skill level 11 in Stealth
 12763 | D:9      | Reached **** piety under Dithmenos
 13227 | D:9      | Found a runed translucent gate.
 13227 | D:9      | Found a runed translucent gate.
 13227 | D:9      | Found a runed translucent gate.
 13228 | D:9      | Noticed ZangPog's ghost (novice DsFi)
 13780 | D:9      | Killed ZangPog's ghost
 13781 | D:9      | Reached skill level 12 in Stealth
 13781 | D:9      | Reached skill level 1 in Shields
 13831 | D:10     | Entered Level 10 of the Dungeon
 13865 | D:10     | Found a staircase to the Orcish Mines.
 14029 | D:10     | Found a staircase to the Lair.
 14554 | D:9      | Reached XP level 11. HP: 35/53 MP: 15/18
 14680 | D:9      | Reached skill level 5 in Shields
 15170 | D:10     | Found a runed translucent gate.
 15171 | D:10     | Found a runed translucent gate.
 15171 | D:10     | Noticed tabo's ghost (journeyman HOMo)
 15175 | D:10     | Found a runed translucent gate.
 15415 | D:11     | Noticed a two-headed ogre
 15421 | D:11     | Killed a two-headed ogre
 15421 | D:11     | Reached ***** piety under Dithmenos
 15514 | D:11     | Identified the +2 ring mail of the Gusle {rF++ Slay+3}
 15675 | D:11     | Reached skill level 1 in Invocations
 15724 | D:11     | Noticed a white ugly thing
 15726 | D:11     | Killed a white ugly thing
 15727 | D:11     | Noticed a death knight
 15731 | D:11     | Noticed a deep elf pyromancer
 15780 | D:11     | Killed a death knight
 15900 | D:11     | Killed a deep elf pyromancer
 15901 | D:11     | Reached skill level 13 in Stealth
 16815 | Lair:1   | Entered Level 1 of the Lair of Beasts
 16899 | Lair:1   | Reached XP level 12. HP: 50/58 MP: 5/19
 17051 | Lair:1   | Reached skill level 14 in Stealth
 18089 | Lair:2   | Reached skill level 15 in Stealth
 18659 | Lair:2   | Noticed a seven-headed hydra
 18661 | Lair:2   | Noticed a four-headed hydra
 18684 | Lair:2   | Killed a four-headed hydra
 18814 | Lair:2   | Killed a seven-headed hydra
 18815 | Lair:2   | Reached skill level 15 in Dodging
 18815 | Lair:2   | Reached skill level 5 in Invocations
 19059 | Lair:2   | Found a staircase to the Swamp.
 19521 | Lair:3   | Reached skill level 5 in Spellcasting
 19675 | Lair:3   | Reached XP level 13. HP: 63/63 MP: 17/22
 19905 | Lair:3   | Reached skill level 5 in Fighting
 20519 | Lair:4   | Learned a level 5 spell: Summon Mana Viper
 20687 | Lair:4   | Found a staircase to the Snake Pit.
 21435 | Lair:4   | Found a staircase to the Snake Pit.
 21648 | Lair:5   | Noticed Nessos
 21661 | Lair:5   | Killed Nessos
 21661 | Lair:5   | Reached ****** piety under Dithmenos
 21862 | Lair:5   | Reached skill level 10 in Hexes
 22034 | Lair:5   | Noticed Kirke
 22158 | Lair:5   | Killed Kirke
 22159 | Lair:5   | Reached skill level 10 in Short Blades
 22325 | Lair:5   | Found a viscous altar of Jiyva.
 22326 | Lair:5   | Found a staircase to the Slime Pits.
 22395 | Lair:5   | Found a transporter.
 22399 | Lair:5   | Noticed Urug
 22435 | Lair:5   | Killed Urug
 22891 | Lair:5   | Acquired the amulet "Jarai" {Reflect rElec Dex+3 SH+5}
 23138 | Lair:5   | Found a transporter.
 23205 | Lair:6   | Entered Level 6 of the Lair of Beasts
 24132 | Lair:5   | Reached skill level 10 in Invocations
 24132 | Lair:5   | Reached XP level 14. HP: 27/70 MP: 15/24
 25086 | Lair:6   | Noticed Snorg
 25105 | Lair:6   | Killed Snorg
 25271 | Lair:6   | Found a shadowy altar of Dithmenos.
 26666 | Lair:6   | Reached skill level 16 in Stealth
 27010 | D:12     | Found an iron altar of Okawaru.
 28419 | D:13     | Noticed Jorgrun
 28688 | D:13     | Reached skill level 1 in Summonings
 28976 | D:13     | Reached XP level 15. HP: 75/75 MP: 21/25
 29003 | D:13     | Found a gate to the Vaults.
 29050 | D:13     | Found a runed translucent gate.
 29051 | D:13     | Found a runed translucent gate.
 29052 | D:13     | Found a runed translucent gate.
 29053 | D:13     | Noticed bgiannan's ghost (adept GrFi)
 29177 | D:13     | Killed Jorgrun
 29383 | D:13     | Identified the +5 whip "Rusk" {speed, rF+}
 29463 | D:14     | Learned a level 4 spell: Summon Lightning Spire
 29526 | D:14     | Acquired a scarf of invisibility
 29937 | D:14     | Found a blossoming altar of Fedhas.
 30608 | D:15     | Entered Level 15 of the Dungeon
 30621 | D:15     | Reached skill level 17 in Stealth
 30842 | D:15     | Identified the amulet "Fuxamneb" {Spirit Rampage Fly Dex+4}
 31398 | D:15     | Paralysed by an ogre mage for 3 turns
 31400 | D:15     | Mangled by a two-headed ogre

Illustrated notes

Levels and vault maps discovered:
D:1:      mrwooster_arrival_arrow, layout_rooms, serial_shops,
          nicolae_shop_hallway_plus,
          nicolae_shop_temple_entry_statues_fountains, shop, shop,
          hellmonk_ecumenical_altar_lost_god
D:2:      layout_loops_ring, grunt_ministairs_14, minmay_misc_feat_more_columns,
          minmay_fractal_squares_gapless_5
D:3:      layout_loops_ring, minmay_fractal_squares_5, uniq_jessica
D:4:      layout_cave_pools
D:5:      layout_loops_ring, minmay_temple_entry_steel_oval, nrook_campfire
D:6:      layout_cave_pools, nicolae_ossuary_entry_plus, minmay_misc_feat_alley,
          kb_lookout_dungeons_type, uniq_grinder
D:7:      layout_basic, chequers_temple_overflow_statue_of_worship,
          enter_bailey_6, minmay_small_thing
D:8:      layout_basic, minmay_mini_ossuary
D:9:      layout_roguey, ebering_ghost_rock_garden
D:10:     layout_cave_pools, due_lair_maze_entry_diamond, erik_orc_4,
          gammafunk_ghost_nasty_kobolds
D:11:     minmay_curly_fans, layout_basic
D:12:     layout_basic, special_room [special_room_orc], okawaru_humans
D:13:     layout_cave_pools, erik_vaults_1, biasface_ghost_orc_armoury,
          hex_large, minmay_statues_item, uniq_jorgrun
D:14:     layout_roguey, fedhas_altar_fruit_tree
D:15:     hangedman_depths_entry_civil_slaughter, layout_layer_cave,
          hangedman_decor_points, columned_hall_lemuel,
          minmay_the_grid_square_5x5_3x3_mashed
          [minmay_the_grid_square_5x5_broken_cross,
          minmay_the_grid_square_5x5_longway, minmay_the_grid_square_5x5_n,
          minmay_the_grid_square_5x5_c,
          minmay_the_grid_square_5x5_megaprize_hollow,
          minmay_the_grid_square_5x5_n_small,
          minmay_the_grid_square_5x5_spiral_small,
          minmay_the_grid_square_5x5_eight,
          minmay_the_grid_square_5x5_tetrominoes]
Temple:   mainiacjoe_temple_cubbyholes
Lair:1:   layout_long_grid
Lair:2:   layout_regular_city, palyth_hydra_swamp_entry
Lair:3:   layout_regular_city, serial_bayou_crossing
Lair:4:   layout_cave_shapes, guppyfry_snake_entry_island
Lair:5:   gammafunk_worm_tunnel, layout_big_grid, slime_altar_1,
          lemuel_fruit_tree, infiniplex_staircase_pool_2, uniq_nessos,
          uniq_urug, uniq_kirke
Lair:6:   evilmike_catoblepas_cave, layout_regular_city, basic_altar,
          st_stairs_6, uniq_snorg

Skill      XL: |  1  2  3  4  5  6  7  8  9 10 11 12 13 14 15 |
---------------+----------------------------------------------+-----
Stealth        | 5 6 7 8 10 12 13 15 16 17 | 17.2
Short Blades   | 2 3 4 5 7 8 10 11 | 11.8
Spellcasting   | 3 4 5 6 |  6.0
Hexes          | 5 8 10 | 10.0
Dodging        | 3 7 10 12 13 15 | 15.7
Fighting       | 1 4 6 7 |  7.9
Shields        | 4 7 8 |  8.0
Invocations    | 2 5 10 12 | 12.0
Summonings     | 1 4 |  4.4

Action                   |  1- 3 |  4- 6 |  7- 9 | 10-12 | 13-15 || total
-------------------------+-------+-------+-------+-------+-------++-------
Melee: Dagger            |    98 |   155 |    21 |       |       ||   274
       Knife             |       |       |   319 |   476 |   801 ||  1596
       Rapier            |       |       |    13 |    15 |    17 ||    45
 Cast: Ensorcelled Hiber |    21 |    58 |    44 |    54 |    46 ||   223
       Confusing Touch   |       |     4 |    21 |    45 |    80 ||   150
       Tukima's Dance    |       |       |     7 |    15 |    17 ||    39
       Dazzling Flash    |       |       |       |    17 |    49 ||    66
Invok: Shadow Step       |       |       |       |       |     2 ||     2
Evoke: Wand              |       |       |       |       |     1 ||     1
  Use: Scroll            |     1 |    11 |    10 |     7 |    11 ||    40
 Stab: Sleeping          |    22 |    37 |    68 |   143 |   213 ||   483
       Distracted        |     1 |     1 |       |       |       ||     2
       Confused          |       |     5 |     2 |       |       ||     7
Armor: Robe              |     8 |    14 |    31 |    10 |    32 ||    95
Dodge: Dodged            |    81 |   101 |   327 |   409 |   527 ||  1445
Block: Buckler           |       |       |       |   156 |   372 ||   528
       Reflection        |       |       |       |       |     8 ||     8

Table legend: (Time is in decaauts)
 A = Elapsed time spent in this place.
 B = Non-inter-level travel time spent in this place.
 C = Inter-level travel time spent in this place.
 D = Time resting spent in this place.
 E = Time spent auto-exploring this place.
 F = Levels seen in this place.
 G = Mean time per level.
                   A        B        C        D        E       F      G
               +--------+--------+--------+--------+--------+-----+--------+
         Total |  24524 |  23522 |   1002 |    939 |  18309 |  24 | 1021.8 |
       Dungeon |  15988 |  15303 |    685 |    743 |  11761 |  15 | 1065.9 |
        Temple |    223 |    183 |     40 |      0 |    181 |   1 |  223.0 |
          Lair |   7864 |   7589 |    275 |    124 |   6125 |   6 | 1310.7 |
       Ossuary |    440 |    440 |      0 |     72 |    240 |   1 |  440.0 |
        Bailey |      7 |      7 |      0 |      0 |      0 |   1 |    7.0 |
               +--------+--------+--------+--------+--------+-----+--------+

Top non-repeatable levels by time:
  Lair:5: 2529 daAuts
     D:7: 1782 daAuts
     D:3: 1556 daAuts
     D:1: 1469 daAuts
     D:9: 1424 daAuts
  Lair:6: 1336 daAuts
    D:11: 1258 daAuts
    D:12: 1224 daAuts
  Lair:3: 1091 daAuts
  Lair:2: 1061 daAuts
     D:2: 1029 daAuts
  Lair:4: 974 daAuts
     D:4: 968 daAuts
    D:14: 953 daAuts
     D:8: 918 daAuts
